 Dungeon Crawl Stone Soup version 0.30-a0-1122-g620db56ad9 (webtiles) character file.

Game seed: 2262253145664457667

620 Bnni the Cutter (level 7, 0/35 (38) HPs)
             Began as a Vine Stalker Fighter on Apr 22, 2023.
             Was a Follower of Uskayaw.
             Slain by a wraith (6 damage)
             ... in an ossuary.
             The game lasted 00:05:03 (2827 turns).

Bnni the Cutter (Vine Stalker Fighter)              Turns: 2827, Time: 00:05:04

HP:   0/35 (38)     AC: 10    Str: 20    XL:     7   Next: 46%
MP:   0/9           EV:  7    Int:  8    God:    Uskayaw [*.....]
Gold: 228           SH:  5    Dex: 14    Spells: 6/6 levels left

rFire   . . .        h - +2 dagger (holy)
rCold   . . .        c - +0 buckler
rNeg    . . .        f - +0 chain mail
rPois   .            l - +1 hat
rElec   .            s - +0 cloak
rCorr   .            (no gloves)
SInv    +            (no boots)
Will    .....        (no amulet) Stlth
                     b - ring of see invisible
HPRegen 1.05/turn    (no ring)
MPRegen 0.11/turn

%: guardian spirit
@: mighty, slowed, drained, very slow
A: fangs 2, regeneration 1, magic shield, antimagic bite, no potion heal 2
a: Renounce Religion, Stomp


You were in an ossuary.
You worshipped Uskayaw.
Uskayaw was noncommittal.
You visited 2 branches of the dungeon, and saw 5 of its levels.
You also visited: Ossuary.

You collected 228 gold pieces.

Inventory:

Hand Weapons
 h - a +2 dagger of holy wrath (weapon)
 p - a +1 vampiric demon whip
 v - a +2 dagger of freezing
Armour
 c - a +0 buckler (worn)
 f - a +0 chain mail (worn)
 l - a +1 hat (worn)
 s - a +0 cloak (worn)
Jewellery
 b - a ring of see invisible (left hand)
Wands
 n - a wand of charming (9)
 r - a wand of flame (22)
 x - a wand of roots (10)
 z - a wand of quicksilver (6)
 A - a wand of digging (4)
Scrolls
 a - 4 scrolls of silence {unknown}
 e - 3 scrolls of amnesia {unknown}
 g - 3 scrolls of identify {unknown}
 j - a scroll of teleportation {unknown}
 m - a scroll of enchant armour {unknown}
 t - a scroll of summoning {unknown}
 w - a scroll of enchant weapon {unknown}
 y - a scroll of immolation {unknown}
Potions
 i - 4 potions of curing {unknown}
 k - 2 potions of lignification {unknown}
 o - a potion of heal wounds {unknown}
 q - a potion of mutation {unknown}
 u - 4 potions of magic {unknown}
 B - a potion of degeneration {unknown}


   Skills:
 + Level 4.3 Fighting
 * Level 5.1 Short Blades
 - Level 2.4 Armour
 - Level 4.0 Shields
 * Level 2.5 Invocations


You had 6 spell levels left.
You didn't know any spells.
Your spell library contained the following spells:

 Spells                   Type           Power      Damage    Failure   Level
 Apportation              Tloc           0%         N/A       99%         1
 Necrotise                Necr           0%         1d4       99%         1
 Summon Small Mammal      Summ           0%         N/A       99%         1
 Ensorcelled Hibernation  Hex/Ice        0%         N/A       100%        2
 Passwall                 Tmut/Erth      0%         N/A       100%        2
 Hailstorm                Conj/Ice       0%         3d3       100%        3
 Swiftness                Air            0%         N/A       100%        3
 Ice Form                 Ice/Tmut       0%         N/A       100%        4
 Simulacrum               Ice/Necr       0%         N/A       100%        6


Dungeon Overview and Level Annotations

Branches:
Dungeon (4/15)             Temple (1/1) D:4         Ossuary (1/1)

Altars:
Ashenzari
Cheibriados
Dithmenos
Elyvilon
Okawaru
Qazlal
Trog
Uskayaw
Vehumet
Wu Jian
Xom
The Shining One


Innate Abilities, Weirdness & Mutations

You have extremely sharp teeth.
Your natural rate of healing is unusually fast.
When hurt, damage is shared between your health and your magic reserves.
Your bite disrupts and absorbs the magic of your enemies.
Potions cannot restore your health.


Message History

HP restored.
You can no longer pass through a line of other dancers.
There is an open door here.
You start resting.
Magic restored.
The flying skull gives a hideous shriek!
As you open the door, it creaks loudly!
A wraith comes into view.
You hit the wraith but do no damage. The wraith barely misses you.
You hit the wraith but do no damage. Your bite misses the wraith.
The wraith hits you! The wraith drains your vigour!
You feel yourself slow down.
You hit the wraith but do no damage. You bite the wraith, but do no damage.
You block the wraith's attack.
You hit the wraith but do no damage. The wraith hits you.
The wraith drains your vigour!
You feel as though you will be slow longer.
You hit the wraith but do no damage. Your bite misses the wraith.
The wraith hits you but does no damage.
You hit the wraith but do no damage. The wraith hits you but does no damage.
The wraith barely misses you.
You barely miss the wraith. Your bite misses the wraith. The wraith hits you!
You closely miss the wraith. The wraith hits you.
You barely miss the wraith. Your bite misses the wraith. The wraith hits you!
The wraith drains your vigour!
You feel as though you will be slow longer.
You are too injured to fight recklessly!
You hit the wraith but do no damage. The wraith hits you!
* * * LOW HITPOINT WARNING * * *
You hit the wraith but do no damage. You bite the wraith, but do no damage.
The wraith hits you!
* * * LOW HITPOINT WARNING * * *
The wraith drains your vigour!
You feel as though you will be slow longer.
You feel very mighty all of a sudden. The wraith hits you but does no damage.
The wraith barely misses you.
You hit the wraith.
The wraith convulses.
Your bite misses the wraith.
The wraith is lightly damaged.
The wraith hits you.
You die...

###############
#..........@..#
#.'##.###.##W.#
#.#)#.#z#.# #.#
#.###.###.###.#
#.............#
#.............#
#.###.....###.#
#.#z#.....# #.#
#.###.....###.#


You could see a wraith and a flying skull.

Vanquished Creatures
  A wraith (Ossuary)
  3 wights (Ossuary)
  An orc priest (D:3)
  Crazy Yiuf (D:3)
  Ijyb (D:3)
  Terence (D:3)
  Natasha (twice) (D:2)
  5 adders
  3 adder zombies (Ossuary)
  8 dart slugs
  6 orcs
  A ball python (D:3)
  4 bats
  9 endoplasms
  5 giant cockroaches
  6 goblins
  12 hobgoblins
  4 jackals (D:1)
  A quokka (D:1)
  A ball python skeleton (Ossuary)
  6 frilled lizards
  2 hobgoblin skeletons (Ossuary)
  6 kobolds
  3 orc zombies (Ossuary)
  10 rats
102 creatures vanquished.

Notes
Turn   | Place    | Note
-------+----------+-------------------------------------------
     0 | D:1      | Bnni the Vine Stalker Fighter began the quest for the Orb.
     0 | D:1      | Reached XP level 1. HP: 11/11 MP: 2/2
    95 | D:1      | Reached skill level 2 in Short Blades
   142 | D:1      | Reached XP level 2. HP: 16/16 MP: 3/3
   268 | D:1      | You fall into a shaft and drop 1 floor!
   296 | D:2      | Reached XP level 3. HP: 20/20 MP: 4/4
  1066 | D:2      | Reached skill level 3 in Short Blades
  1084 | D:2      | Gained mutation: Your natural rate of healing is unusually
                  | fast. [Vine Stalker growth]
  1084 | D:2      | Reached XP level 4. HP: 15/24 MP: 5/5
  1164 | D:2      | Noticed Natasha
  1171 | D:2      | Killed Natasha
  1376 | D:2      | Reached XP level 5. HP: 28/28 MP: 6/6
  1564 | D:2      | Noticed Natasha
  1571 | D:2      | Killed Natasha
  1804 | D:3      | Noticed Terence
  1817 | D:3      | Killed Terence
  1818 | D:3      | Reached skill level 4 in Short Blades
  1818 | D:3      | Reached XP level 6. HP: 32/33 MP: 5/7
  1983 | D:3      | Noticed Ijyb
  2007 | D:3      | Killed Ijyb
  2245 | D:3      | Found a runed translucent door.
  2246 | D:3      | Noticed Crazy Yiuf
  2255 | D:3      | Killed Crazy Yiuf
  2356 | D:4      | Found a staircase to the Ecumenical Temple.
  2376 | Temple   | Entered the Ecumenical Temple
  2416 | Temple   | Became a worshipper of Uskayaw the Reveller
  2487 | D:4      | Found a sand-covered staircase.
  2497 | Ossuary  | Entered an ossuary
  2542 | Ossuary  | Reached * piety under Uskayaw
  2564 | Ossuary  | Reached ** piety under Uskayaw
  2601 | Ossuary  | Reached skill level 1 in Invocations
  2621 | Ossuary  | Noticed a wraith
  2621 | Ossuary  | Noticed a flying skull
  2634 | Ossuary  | Noticed a flying skull
  2661 | Ossuary  | Noticed a wraith
  2672 | Ossuary  | Reached *** piety under Uskayaw
  2673 | Ossuary  | Killed a wraith
  2674 | Ossuary  | Reached XP level 7. HP: 15/37 MP: 2/9
  2721 | Ossuary  | Noticed a flying skull
  2730 | Ossuary  | Reached skill level 5 in Short Blades
  2761 | Ossuary  | Noticed a flying skull
  2814 | Ossuary  | Noticed a wraith
  2827 | Ossuary  | Slain by a wraith

Illustrated notes

Levels and vault maps discovered:
D:1:      shiori_arrival_whats_in_store_for_you, layout_basic
D:2:      layout_basic, small_statue_intersection, uniq_natasha
D:3:      kennysheep_slugbush, layout_rooms, uniq_crazy_yiuf_cottage, uniq_ijyb,
          uniq_terence
D:4:      layout_basic, minmay_temple_entry_junction_2,
          chequers_ossuary_entry_cave, minmay_misc_feat_rugged,
          serial_bayou_pond_d
Temple:   nicolae_temple_elliptical
Ossuary:  ossuary_due_cavern

Skill      XL: |  1  2  3  4  5  6  7 |
---------------+----------------------+-----
Short Blades   | 2 3 4 5 |  5.1
Fighting       | 3 4 |  4.3
Shields        | 3 4 |  4.0
Invocations    | 2 |  2.5
Armour         | |  2.4

Action                     |  1- 3 |  4- 6 |  7- 9 || total
---------------------------+-------+-------+-------++-------
  Melee: Rapier            |    82 |       |       ||    82
         Bite              |    24 |    54 |     3 ||    81
         Dagger            |    27 |   155 |    26 ||   208
         Demon whip        |       |    36 |       ||    36
    Use: Potion            |       |       |     1 ||     1
   Stab: Paralysed         |       |     1 |       ||     1
 Armour: Scale mail        |    17 |       |       ||    17
         Chain mail        |    33 |    52 |     3 ||    88
  Dodge: Dodged            |    49 |    57 |     7 ||   113
  Block: Buckler           |    25 |    28 |     3 ||    56

Table legend: (Time is in decaauts)
 A = Elapsed time spent in this place.
 B = Non-inter-level travel time spent in this place.
 C = Inter-level travel time spent in this place.
 D = Time resting spent in this place.
 E = Time spent auto-exploring this place.
 F = Levels seen in this place.
 G = Mean time per level.
                   A        B        C        D        E       F      G
               +--------+--------+--------+--------+--------+-----+--------+
         Total |   2843 |   2711 |    132 |    155 |   1733 |   6 |  473.8 |
       Dungeon |   2433 |   2325 |    108 |     40 |   1623 |   4 |  608.2 |
        Temple |     65 |     41 |     24 |      0 |     26 |   1 |   65.0 |
       Ossuary |    344 |    344 |      0 |    115 |     84 |   1 |  344.0 |
               +--------+--------+--------+--------+--------+-----+--------+

Top non-repeatable levels by time:
     D:1: 944 daAuts
     D:3: 773 daAuts
     D:2: 637 daAuts
 Ossuary: 344 daAuts
     D:4: 77 daAuts
  Temple: 65 daAuts
